Map: 10000 Feet LE

Players

igorJA - Winner!

  • Race: Terran Terran
  • Spawn Location: 5:00

VOD

Have the link to the VOD?

Description

Time

  • Played on: June 6, 2026, 12:12 p.m.
  • Length: 28:18
Show
View Real Time Build Order
Export as new Build Order

igorJA Terran - Winner!

Build Orders:  

Get SALT Encoding   

  12  0:02  SCV  
  13  0:19  SCV  
  14  0:28  Supply Depot  
  14  0:36  SCV  
  15  0:58  SCV  
  16  1:03  Barracks  
  16  1:15  Refinery, SCV  
  17  1:28  Supply Depot  
  17  1:32  SCV  
  18  1:49  SCV  
  19  2:06  SCV  
  20  2:18  Barracks Reactor  
  20  2:23  SCV  
  20  2:25  Refinery  
  21  2:40  SCV  
  22  2:57  SCV  
  22  2:59  Command Center  
  23  3:14  SCV  
  23  3:17  Reaper  
  23  3:18  Reaper  
  26  3:31  Orbital Command  
  26  3:46  Factory  
  26  3:58  Bunker  
  28  4:14  Reaper x2  
  28  4:41  Bunker  
  26  5:02  Factory Tech Lab  
  26  5:14  Starport  
  26  5:17  SCV  
  27  5:34  SCV  
  27  5:38  Armory  
  26  5:41  Marine x2  
  28  5:51  Barracks, SCV  
  29  6:01  SCV  
  29  6:04  Engineering Bay  
  29  6:06  Marine x2  
  29  6:07  Starport Tech Lab  
  29  6:08  SCV  
  33  6:18  SCV  
  34  6:24  Siege Tank, Supply Depot  
  34  6:25  SCV  
  38  6:42  SCV  
  38  6:43  Terran Infantry Weapons Level 1  
  39  6:53  Barracks  
  39  6:59  SCV  
  40  7:09  Siege Tank  
  43  7:15  SCV  
  44  7:23  Supply Depot  
  44  7:32  SCV  
  44  7:36  Fusion Core  
  45  7:45  Refinery  
  45  7:49  Refinery  
  45  7:51  Marine x2  
  47  8:10  Missile Turret  
  47  8:16  Barracks Tech Lab, Marine x2  
  49  8:35  Engineering Bay  
  49  8:39  Missile Turret  
  49  8:48  Starport  
  49  9:01  SCV  
  50  9:18  SCV  
  49  9:24  Bunker  
  49  9:35  SCV  
  49  9:38  Stimpack  
  49  9:39  Battlecruiser  
  56  9:50  Barracks Tech Lab  
  56  9:52  Starport Tech Lab, SCV  
  57  10:09  SCV  
  58  10:12  Siege Tank  
  61  10:20  Terran Infantry Armor Level 1  
  61  10:26  SCV  
  62  10:33  Supply Depot  
  62  10:42  Marauder  
  62  10:43  Structure Armor  
  64  11:02  Command Center  
  64  11:12  Marauder  
  66  11:24  Concussive Shells  
  66  11:29  Battlecruiser  
  72  11:41  Terran Ship Weapons Level 1  
  72  11:42  Marauder  
  74  11:53  Armory  
  74  12:00  SCV  
  75  12:12  Marauder  
  75  12:17  SCV  
  78  12:28  Unknown  
  78  12:30  Supply Depot  
  78  12:40  SCV  
  78  12:42  Terran Infantry Weapons Level 2  
  79  12:57  SCV  
  80  13:12  Command Center  
  80  13:14  SCV  
  81  13:31  SCV  
  82  13:40  Factory  
  82  13:59  SCV  
  83  14:04  Weapon Refit  
  83  14:10  Refinery  
  83  14:16  SCV  
  84  14:21  Terran Vehicle Weapons Level 1  
  84  14:33  SCV  
  85  14:47  Refinery  
  85  14:50  SCV  
  86  15:00  Factory Tech Lab  
  86  15:07  SCV  
  87  15:15  Command Center  
  87  15:24  SCV, Command Center  
  88  15:35  Terran Infantry Armor Level 2  
  88  15:38  Terran Vehicle And Ship Armor Level 1  
  88  15:41  SCV  
  89  15:53  Caduceus Reactor, Battlecruiser  
  89  15:54  Battlecruiser  
  89  15:58  SCV  
  102  16:15  SCV  
  103  16:25  SCV  
  104  16:30  Orbital Command  
  104  16:32  SCV  
  105  16:42  SCV  
  105  16:46  Refinery  
  105  16:49  SCV  
  107  16:59  SCV  
  108  17:01  Terran Ship Weapons Level 2  
  108  17:06  SCV  
  108  17:07  Missile Turret  
  109  17:13  Planetary Fortress  
  109  17:16  SCV  
  110  17:21  Bunker  
  110  17:22  Refinery  
  110  17:23  SCV, Medivac  
  110  17:24  Medivac  
  115  17:33  SCV  
  115  17:34  Missile Turret  
  107  17:40  SCV  
  116  17:49  Siege Tank, SCV  
  117  17:50  Siege Tank x2  
  118  18:00  Command Center  
  118  18:02  Missile Turret  
  118  18:05  Medivac  
  118  18:06  Medivac, SCV  
  118  18:08  Bunker  
  123  18:13  Missile Turret  
  123  18:19  Siege Tank  
  126  18:23  SCV  
  127  18:30  Missile Turret  
  127  18:40  SCV  
  127  18:41  Missile Turret  
  127  18:47  Planetary Fortress  
  128  19:01  Missile Turret  
  128  19:04  Siege Tank x2  
  128  19:09  Missile Turret  
  140  19:19  Planetary Fortress  
  140  19:38  Missile Turret  
  140  19:49  Siege Tank  
  143  19:50  Siege Tank x4  
  143  19:58  Missile Turret  
  143  20:08  Unknown x2  
  139  20:28  Missile Turret  
  133  20:58  Missile Turret  
  133  21:08  Unknown  
  120  21:28  Missile Turret  
  111  21:41  Battlecruiser  
  111  21:42  Battlecruiser  
  114  23:04  Marine x2  
  114  23:05  Marine x2  
  118  23:11  Battlecruiser  
  118  23:12  Battlecruiser  
  130  23:29  Marine  
  131  23:30  Marauder x2  
  145  24:00  Marine x2, Marauder x2  
  141  24:24  Marine  
  141  24:25  Marine  
  141  24:29  Marauder  
  143  24:30  Marine  
  143  24:38  Planetary Fortress  
  146  24:41  Battlecruiser x2  
  146  24:45  SCV  
  146  24:49  Marine  
  160  24:55  Marauder  
  160  24:59  Marauder  
  155  25:02  SCV  
  155  25:07  Terran Vehicle And Ship Armor Level 2  
  155  25:19  SCV  
  156  25:25  Marauder  
  158  25:36  SCV  
  159  26:11  Battlecruiser x2  
  168  27:10  Unknown  
Tags
 
Add a new tag
Caveats
  • Supply blocks, unpowered buildings, or Contaminate may cause inaccurate times.
  • Supply counts are checked every 10 seconds.